 Dungeon Crawl Stone Soup version 0.25-a0-663-gace7076f2c (webtiles) character file.

Game seed: 1517263218827674857, levelgen mode: deterministic

14 kae the Insei (level 2, -5/21 HPs)
             Began as a Demonspawn Transmuter on Mar 24, 2020.
             Slain by a gnoll
             ... wielding a cursed -1 club
              (7 damage)
             ... on level 1 of the Dungeon.
             The game lasted 00:01:07 (1169 turns).

kae the Insei (Demonspawn Transmuter)               Turns: 1169, Time: 00:01:08

Health: -5/21      AC:  2    Str: 10    XL:     2   Next: 31%
Magic:  0/5        EV: 12    Int: 14    God:
Gold:   34         SH:  0    Dex: 13    Spells: 2/5 levels left

rFire    . . .     SeeInvis .     - Unarmed
rCold    . . .     Gourm    .   (no shield)
rNeg     . . .     Faith    .   b - +0 robe
rPois    .         Spirit   .   (no helmet)
rElec    .         Reflect  .   (no cloak)
rCorr    .         Harm     .   (no gloves)
MR       .....                  (no boots)
Stlth    +.........             (no amulet)
HPRegen  0.07/turn              (no ring)
MPRegen  0.09/turn              (no ring)

@: very slightly contaminated
A: powered by death 1
a: no special abilities


You were on level 1 of the Dungeon.
You were very hungry.

You visited 1 branch of the dungeon, and saw 2 of its levels.

You collected 34 gold pieces.

Inventory:

Missiles
 a - 9 arrows
Armour
 b - a +0 robe (worn)
Scrolls
 f - a scroll of identify
Potions
 e - a potion of flight
Comestibles
 d - 2 rations


   Skills:
 - Level 1.0 Fighting
 - Level 1.7 Dodging
 * Level 3.1 Unarmed Combat
 + Level 2.2 Spellcasting
 + Level 2.0 Transmutations


You had 2 spell levels left.
You knew the following spells:

 Your Spells              Type           Power        Failure   Level  Hunger
a - Beastly Appendage     Tmut           #.....       10%         1    #......
b - Sticks to Snakes      Tmut           #.......     16%         2    ###....

Your spell library contained the following spells:

 Spells                   Type           Power        Failure   Level  Hunger
 Spider Form              Tmut/Pois      #.........   41%         3    ###....
 Ice Form                 Ice/Tmut       #.......     83%         4    #####..
 Blade Hands              Tmut           #.........   95%         5    ######.


Dungeon Overview and Level Annotations

Branches:
Dungeon (2/15)

Altars:


Innate Abilities, Weirdness & Mutations

You regenerate a little health from kills.


Message History

Your ball python bites the gnoll but does no damage.
Your ball python constricts the gnoll.
The gnoll hits your ball python with a cursed -1 club!
Your ball python dies!
The gnoll shouts!
You hit the gnoll but do no damage.
The gnoll is heavily wounded.
Casting: Sticks to Snakes (safe; 16% risk of failure)
Confirm with . or Enter, or press ? or * to list all spells.
You don't have enough magic to cast that spell.
You hit the gnoll.
The gnoll is severely wounded.
The gnoll hits you with a cursed -1 club!
Casting: Sticks to Snakes (safe; 16% risk of failure)
Confirm with . or Enter, or press ? or * to list all spells.
You create a snake!
You now have 9 arrows.
The gnoll hits you with a cursed -1 club!
* * * LOW HITPOINT WARNING * * *
The gnoll hits you with a cursed -1 club!
You die...

#.# # #.# # # ########.# # ##
####### #.....##.# #
.######.....# #.###.##.#######
......#)....######.###.##........
.####..........[................>
............######.#.#.##########
######.>.......g@S...#.## #
##.................# #
###.#########.##..######### #.#
#.##.........# #.#
#.###.######.## #.# #.###.###
#... #######.# #.......# ##.##
#.......# #####.#.# #..#
#.####### #.#.# #..#


You could see a gnoll and a friendly ball python.

Vanquished Creatures
  2 dart slugs (D:1)
  3 goblins (D:1)
  2 hobgoblins (D:1)
  3 bats (D:1)
10 creatures vanquished.

Notes
Turn   | Place    | Note
-------+----------+-------------------------------------------
     0 | D:1      | kae the Demonspawn Transmuter began the quest for the Orb.
     0 | D:1      | Reached XP level 1. HP: 15/15 MP: 3/3
   538 | D:1      | Reached skill level 3 in Unarmed Combat
   575 | D:1      | Gained mutation: You regenerate a little health from kills.
                  | [demonic ancestry]
   575 | D:1      | Reached XP level 2. HP: 17/21 MP: 3/5
   996 | D:1      | Learned a level 2 spell: Sticks to Snakes
  1169 | D:1      | Slain by a gnoll

Levels and vault maps discovered:
D:1:      dpeg_arrival_rhombi, layout_loops_ring
D:2:      layout_loops_ring, first_ration, serial_park_tiny_1,
          hangedman_decor_push, uniq_crazy_yiuf_cottage

Skill      XL: |  1 |
---------------+----+-----
Unarmed Combat | 3 |  3.1
Transmutations | 2 |  2.0
Fighting       | |  1.0
Dodging        | |  1.7
Spellcasting   | |  2.2

Action                   || total
-------------------------++-------
Melee: Unarmed           ||    45
       Headbutt          ||     6
       Kick              ||     3
 Cast: Beastly Appendage ||    10
       Sticks to Snakes  ||     3
  Use: Scroll            ||     3
Armor: Robe              ||     6
Dodge: Dodged            ||    24

Table legend:
 A = Non-vault XP
 B = Vault XP
 C = Vault XP percentage of total XP
 D = Non-vault monster count
 E = Vault monster count
 F = Vault count percentage of total count
                 A         B        C        D         E       F
            +---------+---------+-------+---------+---------+-------
      Total |      21 |       0 |   0.0 |      10 |       0 |   0.0
            +---------+---------+-------+---------+---------+-------
        D:1 |      21 |       0 |   0.0 |      10 |       0 |   0.0
            +---------+---------+-------+---------+---------+-------
